Map: Orbital Shipyard

Players

MorN

  • Race: Terran Terran
  • League: Master

Pato - Winner!

  • Race: Terran Terran
  • League: Platinum

VOD

Have the link to the VOD?

Description

Time

  • Played on: Nov. 18, 2015, 7:17 p.m.
  • Length: 12:07
Show
View Real Time Build Order
Export as new Build Order

MorN Terran 

Build Orders:  

Get SALT Encoding   

  12  0:00  SCV  
  13  0:13  SCV  
  14  0:18  Supply Depot  
  14  0:25  SCV  
  15  0:36  Refinery  
  15  0:40  Barracks  
  15  0:44  SCV  
  16  0:52  Refinery  
  16  0:56  SCV  
  17  1:08  SCV  
  18  1:20  SCV  
  19  1:33  Reaper  
  19  1:35  Orbital Command  
  19  1:38  Factory  
  20  1:48  Supply Depot  
  20  2:05  Reaper  
  21  2:15  SCV  
  21  2:25  Hellion  
  23  2:33  SCV  
  24  2:45  Reaper, Starport  
  25  2:56  SCV  
  25  3:08  SCV  
  26  3:16  Hellion  
  28  3:21  SCV  
  28  3:24  Armory  
  29  3:29  Barracks Reactor  
  29  3:33  SCV  
  30  3:47  Hellion  
  31  4:10  Medivac  
  31  4:18  SCV  
  31  4:20  Barracks Tech Lab  
  30  4:27  Command Center  
  30  4:30  SCV  
  31  4:52  Supply Depot  
  31  5:03  SCV  
  31  5:05  Cloaking Field  
  31  5:13  Banshee  
  31  5:14  Supply Depot, Hellion x2  
  38  5:15  SCV  
  39  5:36  Hellion x2  
  41  5:56  Raven  
  43  5:58  Hellion x2  
  44  6:07  Marine  
  43  6:13  SCV  
  43  6:14  Orbital Command  
  43  6:19  Hellion  
  40  6:39  Viking  
  25  7:05  Liberator  
  25  7:10  SCV x2  
  24  7:20  Hellion x2  
  22  7:24  SCV x2  
  26  7:36  SCV  
  24  7:37  SCV  
  23  7:48  SCV  
  23  7:49  SCV  
  25  7:59  Factory Reactor  
  25  8:00  SCV  
  25  8:01  SCV  
  27  8:11  Starport Reactor  
  25  8:18  SCV x2  
  21  8:20  Barracks  
  21  8:21  Barracks  
  19  8:27  Stimpack, Marine  
  19  8:30  SCV x2  
  22  8:42  SCV, Bunker  
  22  8:45  SCV  
  22  8:46  Marauder  
  26  8:50  Viking  
  26  8:55  SCV  
  29  9:00  Barracks  
  29  9:01  SCV, Barracks  
  30  9:04  Hellion x2  
  30  9:07  SCV  
  35  9:14  SCV  
  35  9:17  Marine x4  
  36  9:19  SCV  
  41  9:26  SCV  
  41  9:28  Medivac  
  44  9:31  SCV  
  44  9:37  Marine x4  
  44  9:38  SCV  
  50  9:42  Hellion  
  52  9:51  Barracks Reactor x2  
  53  9:52  SCV  
  51  10:02  SCV  
  50  10:09  Viking  
  52  10:22  Supply Depot, Hellion  
  52  10:24  Marine  
  52  10:25  Marine  
  52  10:27  Marine  
  52  10:28  Marauder, Marine x2  
  60  10:32  SCV  
  62  10:43  Marine  
  65  10:50  Marauder  
  65  10:55  Marine x4  
  66  11:03  Medivac  
  65  11:09  Barracks Tech Lab  
  63  11:23  Supply Depot  
Show
View Real Time Build Order
Export as new Build Order

Pato Terran - Winner!

Build Orders:  

Get SALT Encoding   

  12  0:01  SCV  
  13  0:13  SCV  
  14  0:17  Supply Depot  
  14  0:25  SCV  
  15  0:32  Refinery  
  15  0:39  SCV  
  16  0:46  Barracks  
  16  0:51  SCV  
  17  1:03  SCV  
  18  1:04  Supply Depot  
  18  1:15  SCV  
  19  1:32  Orbital Command  
  19  1:33  Reaper  
  20  1:44  Bunker  
  20  2:01  SCV  
  20  2:18  SCV  
  20  2:21  Reaper  
  22  2:23  Command Center  
  22  2:25  Factory  
  22  2:30  SCV  
  23  2:39  Refinery  
  23  2:42  SCV  
  24  2:54  SCV  
  25  3:04  Reaper  
  24  3:06  SCV  
  25  3:17  Hellion  
  25  3:18  Starport  
  27  3:21  SCV  
  28  3:33  SCV  
  29  3:55  SCV  
  30  3:56  Hellion, Marine, Starport Tech Lab  
  30  4:02  Orbital Command  
  29  4:17  Hellion  
  29  4:23  SCV  
  30  4:26  Banshee  
  30  4:30  SCV  
  34  4:35  SCV  
  34  4:38  Marine  
  36  4:45  SCV  
  37  4:47  Factory Tech Lab  
  37  4:48  SCV  
  37  4:50  Command Center  
  38  4:57  SCV  
  36  5:09  SCV x2  
  36  5:10  Siege Tank  
  41  5:22  Banshee, Marine  
  38  5:53  Siege Tank, Marine  
  39  6:03  Orbital Command  
  39  6:05  SCV x2  
  39  6:08  Barracks  
  41  6:17  SCV x2  
  43  6:19  Marine  
  43  6:36  Hellion, Viking  
  40  6:52  Marine  
  32  7:10  Marine  
  32  7:13  SCV x2  
  35  7:18  Barracks Tech Lab  
  35  7:21  Siege Tank  
  38  7:25  SCV x3  
  41  7:37  SCV x3  
  41  7:41  Marine  
  42  7:49  Refinery x2  
  42  7:52  Marine  
  42  7:57  Engineering Bay  
  42  7:58  SCV x3  
  46  8:00  Marine  
  46  8:05  Medivac  
  49  8:10  SCV x3  
  52  8:17  Marine  
  52  8:18  Marine  
  54  8:23  SCV x3  
  54  8:25  Stimpack  
  54  8:26  Barracks  
  57  8:35  Missile Turret  
  57  8:38  Marine  
  57  8:39  Barracks Reactor  
  57  8:40  Terran Infantry Weapons Level 1  
  58  8:48  Viking  
  59  9:17  Marine x2  
  61  9:29  Missile Turret  
  61  9:32  Barracks Reactor  
  61  9:36  Viking, Siege Tank, Marine  
  61  9:37  Supply Depot x2  
  67  9:38  Supply Depot  
  67  9:41  Barracks, Marine x2  
  67  9:43  Barracks  
  69  9:45  SCV  
  69  9:46  SCV x2  
  72  10:09  Marine x4  
  72  10:10  Marauder  
  72  10:13  Siege Tank  
  72  10:14  Medivac  
  83  10:17  SCV x3  
  86  10:26  Orbital Command  
  85  10:31  Marine x2  
  85  10:32  Marauder, Marine x2  
  85  10:33  SCV x2  
  85  10:34  Barracks Reactor  
  85  10:35  Barracks Tech Lab  
  93  10:48  Engineering Bay  
  93  10:51  Armory  
  93  10:59  SCV x3  
  96  11:07  Marine x4  
  100  11:18  Missile Turret  
  100  11:19  Missile Turret  
  100  11:21  Missile Turret  
  100  11:34  Marine  
  101  11:42  Missile Turret  
Tags
 
Add a new tag
Caveats
  • Supply blocks, unpowered buildings, or Contaminate may cause inaccurate times.
  • Supply counts are checked every 10 seconds.